 Dungeon Crawl Stone Soup version 0.30-a0-371-gad7725a93e (webtiles) character file.

Game seed: 14894251368217263552

293609 gabagool the End of an Era (level 20, -7/160 HPs)
             Began as a Gnoll Warper on Nov 16, 2022.
             Was the Champion of Qazlal.
             Mangled by a balrug
             ... wielding a +0 demon whip of electrocution
              (18 damage)
             ... on level 1 of the Depths on Nov 21, 2022.
             The game lasted 02:42:22 (35267 turns).

gabagool the End of an Era (Gnoll Warper)          Turns: 35267, Time: 02:42:23

Health: -7/160     AC: 17    Str: 26    XL:     20   Next: 83%
Magic:  38/38      EV: 27    Int: 14    God:    Qazlal [******]
Gold:   1625       SH:  8    Dex: 15    Spells: 2/48 levels left

rFire   + . .      SeeInvis +      - Unarmed
rCold   . . .      Faith    .    (shield currently unavailable)
rNeg    . . .      Spirit   .    (body armour currently unavailable)
rPois   ∞          Reflect  .    (helmet currently unavailable)
rElec   +          Harm     .    (cloak currently unavailable)
rCorr   .          Rampage  .    (gloves currently unavailable)
Will    +....      Archmagi +    (boots currently unavailable)
Stlth   ++........               o - amulet "Otypin" {RegenMP Str+8 Dex+3}
HPRegen 0.46/turn                G - ring of see invisible
MPRegen 0.66/turn                s - ring of the Mage {Wiz Archmagi}

@: storm-form, protected from fire, blinkbolt cooldown, flying, studying
Shields, repel missiles
A: cleaving, insubstantial, flying, (fangs 1), strong nose, distributed training
}: 2/15 runes: barnacled, gossamer
a: Blinkbolt, End Transformation, Renounce Religion, Upheaval, Elemental Force,
Disaster Area


You were on level 1 of the Depths.
You worshipped Qazlal.
Qazlal was exalted by your worship.
You were a lightning-filled tempest!
You visited 6 branches of the dungeon, and saw 31 of its levels.
You also visited: Sewer and Ice Cave.

You collected 3478 gold pieces.
You spent 1853 gold pieces at shops.

Inventory:

Missiles
 w - 6 throwing nets
 R - 31 javelins (quivered)
Armour
 l - the +3 hat of Pondering (melded) {ponderous, Will+ MP+10 Int+5}
   (You bought it in a shop on level 2 of the Orcish Mines)

   Int:       It affects your intelligence (+5).
   MP:        It affects your magic capacity (+10).
   Will:      It increases your willpower.
 E - +0 ice dragon scales
 F - a +2 pair of boots of flying (melded)
 I - a +1 pair of gloves of stealth (melded)
 J - a scarf of invisibility (melded)
 P - a +2 robe of resistance (melded)
 W - a +2 buckler (melded)
 Y - a +1 crystal plate armour of cold resistance
Jewellery
 j - an amulet of regeneration
 n - a +4 ring of evasion
 o - the amulet "Otypin" (around neck) {RegenMP Str+8 Dex+3}
   (You found it on level 1 of the Shoals)

   [amulet of magic regeneration]

   It increases your rate of magic regeneration.
   Str:       It affects your strength (+8).
   Dex:       It affects your dexterity (+3).
 s - the ring of the Mage (right fist) {Wiz Archmagi}
   (You found it on level 8 of the Dungeon)

   [ring of wizardry]

   It improves your spell success rate.
   Archmagi:  It increases the power of your magical spells.
 G - a ring of see invisible (left fist)
 H - a ring of protection from cold
 N - a +4 ring of evasion
Wands
 g - a wand of paralysis (15)
 M - a wand of digging (4)
 Q - a wand of mindburst (14)
 S - a wand of iceblast (13)
 U - a wand of light (10)
 V - a wand of polymorph (23)
Scrolls
 c - 3 scrolls of blinking
 i - a scroll of brand weapon
 q - 4 scrolls of fear
 t - 6 scrolls of magic mapping
 u - 8 scrolls of teleportation
 v - 8 scrolls of poison
 x - 7 scrolls of butterflies
 y - 3 scrolls of enchant weapon
 A - 6 scrolls of immolation
 B - a scroll of summoning
 C - 4 scrolls of amnesia
 L - 4 scrolls of silence
 O - 3 scrolls of enchant armour
Potions
 a - 5 potions of brilliance
 b - 7 potions of ambrosia
 e - 13 potions of curing
 f - 5 potions of mutation
 h - 4 potions of haste
 k - 2 potions of invisibility
 m - 3 potions of attraction
 p - 3 potions of berserk rage
 r - 4 potions of heal wounds
 z - 3 potions of cancellation
 D - 7 potions of might
 K - 5 potions of resistance
 T - 3 potions of lignification
Miscellaneous
 d - a phial of floods
 X - a box of beasts
 Z - a condenser vane


   Skills:
 + Level 14.7 Fighting
 + Level 14.0 Short Blades
 + Level 14.0 Long Blades
 + Level 14.0 Axes
 + Level 14.0 Maces & Flails
 + Level 14.7 Polearms
 + Level 14.0 Staves
 + Level 14.0 Ranged Weapons
 + Level 14.2 Throwing
 + Level 14.2 Armour
 + Level 14.7 Dodging
 + Level 14.0 Stealth
 + Level 14.4 Shields
 + Level 14.0 Unarmed Combat
 + Level 14.8 Spellcasting
 + Level 11.9 Conjurations
 + Level 11.9 Hexes
 + Level 11.9 Summonings
 + Level 11.9 Necromancy
 + Level 13.0 Translocations
 + Level 11.9 Transmutations
 + Level 11.9 Fire Magic
 + Level 11.9 Ice Magic
 + Level 11.9 Air Magic
 + Level 11.9 Earth Magic
 + Level 11.9 Poison Magic
 + Level 15.2 Invocations
 + Level 14.0 Evocations


You had 2 spell levels left.
You knew the following spells:

 Your Spells              Type           Power      Damage    Failure   Level
a - Apportation           Tloc           100%       N/A       1%          1
b - Blink                 Tloc           100%       N/A       1%          2
c - Irradiate             Conj/Tmut      30%        3d21      1%          5
d - Ozocubu's Armour      Ice            60%        N/A       1%          3
e - Vhi's Electric Charg  Tloc/Air       100%       N/A       1%          3
f - Manifold Assault      Tloc           63%        N/A       1%          4
g - Passage of Golubria   Tloc           63%        N/A       1%          4
h - Sticky Flame          Conj/Fire      60%        2d8       1%          4
i - Olgreb's Toxic Radia  Pois           60%        N/A       1%          4
j - Statue Form           Tmut/Erth      40%        N/A       3%          6
k - Storm Form            Tmut/Air       30%        N/A       16%         7
l - Ignite Poison         Fire/Tmut/Pois 60%        N/A       1%          3

Your spell library contained the following spells:

 Spells                   Type           Power      Damage    Failure   Level
 Magic Dart               Conj           100%       1d8       1%          1
 Necrotise                Necr           100%       1d9       1%          1
 Shock                    Conj/Air       100%       1d9       1%          1
 Summon Small Mammal      Summ           100%       N/A       1%          1
 Cigotuvi's Dreadful Rot  Necr/Pois/Air  100%       N/A       1%          2
 Ensorcelled Hibernation  Hex/Ice        100%       N/A       1%          2
 Passwall                 Tmut/Erth      50%        N/A       1%          2
 Searing Ray              Conj           100%       2d8       1%          2
 Call Canine Familiar     Summ           60%        N/A       1%          3
 Frozen Ramparts          Ice            100%       1d16      1%          3
 Gell's Gravitas          Tloc           63%        N/A       1%          3
 Hailstorm                Conj/Ice       60%        3d13      1%          3
 Inner Flame              Hex/Fire       60%        N/A       1%          3
 Kindle Blastsparks       Fire/Tloc/Air  100%       2d18      1%          3
 Lesser Beckoning         Tloc           100%       N/A       1%          3
 Stone Arrow              Conj/Erth      100%       3d13      1%          3
 Summon Guardian Golem    Hex/Summ       60%        N/A       1%          3
 Swiftness                Air            60%        N/A       1%          3
 Teleport Other           Tloc           63%        N/A       1%          3
 Airstrike                Air            30%        2d(5-21)  1%          4
 Animate Armour           Summ/Erth      100%       N/A       1%          4
 Animate Dead             Necr           60%        N/A       1%          4
 Cause Fear               Hex            30%        N/A       1%          4
 Dispel Undead            Necr           60%        3d21      1%          4
 Flame Wave               Conj/Fire      60%        2d14      1%          4
 Fulminant Prism          Conj/Hex       30%        3d16      1%          4
 Ice Form                 Ice/Tmut       60%        N/A       1%          4
 Petrify                  Tmut/Erth      60%        N/A       1%          4
 Summon Ice Beast         Ice/Summ       60%        N/A       1%          4
 Summon Lightning Spire   Summ/Air       60%        N/A       1%          4
 Alistair's Intoxication  Tmut/Pois      40%        N/A       1%          5
 Blade Hands              Tmut           30%        N/A       1%          5
 Borgnjor's Vile Clutch   Necr/Erth      30%        N/A       1%          5
 Freezing Cloud           Conj/Ice/Air   30%        6-21      1%          5
 Lightning Bolt           Conj/Air       30%        1d47      1%          5
 Metabolic Englaciation   Hex/Ice        30%        N/A       1%          5
 Silence                  Hex/Air        30%        N/A       1%          5
 Summon Forest            Summ/Tloc      30%        N/A       1%          5
 Death Channel            Necr           30%        N/A       3%          6
 Simulacrum               Ice/Necr       30%        N/A       3%          6
 Dragon Form              Tmut           30%        N/A       16%         7
 Orb of Destruction       Conj           30%        9d10      16%         7
 Ozocubu's Refrigeration  Ice            30%        4d14      16%         7
 Spellforged Servitor     Conj/Summ      30%        N/A       16%         7
 Disjunction              Tloc           31%        N/A       58%         8
 Discord                  Hex            30%        N/A       75%         8
 Ignition                 Fire           30%        3d10      75%         8
 Lehudib's Crystal Spear  Conj/Erth      30%        10d8      75%         8
 Maxwell's Capacitive Co  Air            30%        ∞         75%         8
 Dragon's Call            Summ           30%        N/A       100%        9


Dungeon Overview and Level Annotations

Branches:
Dungeon (15/15)            Temple (0/1) D:5            Lair (5/5) D:9
 Shoals (4/4) Lair:2       Spider (4/4) Lair:2        Slime (0/5) Lair:4
    Orc (2/2) D:9             Elf (0/3) Orc:2        Vaults (0/5) D:14
 Depths (1/4) D:15          Sewer (visited)           IceCv (visited)

Altars:
Cheibriados
Gozag
Qazlal
Sif Muna
Xom
Zin
Jiyva

Shops:
D:8 *   D:13 *   Orc:2 =:[:(   Shoals:1 ?(

Portals:
Hell: Depths:1
Pandemonium: Depths:1

Annotations:
D:13 4 transporters, Sonja
Lair:4 3 runed translucent doors, Beilucy's ghost, journeyman FoFi; Hihis's ghost, journeyman MfBe; Riheudah's ghost, journeyman TrDe; Zun Lasmi's ghost, journeyman VSTm
Lair:5 2 transporters, Ileyzxie's ghost, journeyman GnHu


Innate Abilities, Weirdness & Mutations

You are a lightning-filled tempest!
Your electrical attacks strike out in all directions at once.
You are incredibly evasive.
Your insubstantial body is immune to petrification, constriction, and being set on fire You are flying.
You are immune to poison.
Your armour is entirely melded.
You are incapable of wielding weapons or throwing items.
((You have very sharp teeth.))
Your uncanny sense of smell can sniff out nearby items.
Your experience applies equally to all skills.


Message History

You are too injured to fight recklessly!
You are too injured to fight recklessly!
You are too injured to fight recklessly!
You are too injured to fight recklessly!
You are too injured to fight recklessly!
You are too injured to fight recklessly!
You are too injured to fight recklessly!
You are too injured to fight recklessly!
You are too injured to fight recklessly!
You are too injured to fight recklessly!
You are too injured to fight recklessly!
Unknown command.
The balrug shouts!
You batter the balrug!! Lightning courses through the balrug!
The balrug is almost dead.
The balrug hits you with a +0 demon whip of electrocution!!
* * * LOW HITPOINT WARNING * * *
You are engulfed in flames!!
* * * LOW HITPOINT WARNING * * *
Unknown command.
You hit the balrug.
The balrug is almost dead.
The balrug gestures at you. Something smites you!
* * * LOW HITPOINT WARNING * * *
Unknown command.
Press: ? - help, v - describe, . - travel
Here: a balrug, wielding a +0 demon whip of electrocution and wearing a +0 robe (almost dead)
The floor.
You hit the balrug but do no damage. You punch the balrug.
The balrug is almost dead.
Unknown command.
You feel much better. The balrug gestures at you.
The fireball explodes!
The fireball engulfs you!!
You feel protected from fire.
* * * LOW HITPOINT WARNING * * *
The fireball engulfs the balrug.
The balrug completely resists.
The balrug hits you with a +0 demon whip of electrocution!!
You die...

###........
############...##....
###.................~~.
#........^...........~.
....#.#.#.#.........~.
#.#.#.#.#............
..#.#.#.#...~.......
#.#.#.#....~.......
#v#.#.#...~~......
#2#°#.#..........). #4#
..#.#........... ..#
.#.#...........> ...
..#.#........... #...
.# #............ #.. ..
............ #.. .#
........... .........


You could see a balrug and a rust devil.

Vanquished Creatures
  Jorgrun (Spider:2)
  Mlioglotl (Shoals:1)
  A lich (Depths:1)
  A titan (Shoals:2)
  Asterion (Spider:2)
  The ghost of HilariousDeathArtist the Spry, an adept DrCK of Xom (Shoals:1)
  A kraken (Shoals:1)
  The ghost of Mil Mal Serr the Warrior, an adept MiFi of Okawaru (Shoals:2)
  The ghost of Cihivoiw the Ruinous, an adept TeCj of Sif Muna (Shoals:2)
  6 emperor scorpions
  A fire giant (D:15)
  Ilsuiw (Shoals:2)
  The ghost of Zuxu Cyl the Earth Mage, an adept GrEE of Vehumet (Shoals:2)
  4 frost giants
  Aizul (Shoals:2)
  6 ghost moths
  Louise (D:15)
  4 stone giants
  6 very ugly things
  The ghost of Zugaegat the Spry, a journeyman DEDe of Ru (Shoals:2)
  A dire elephant (D:14)
  A white draconian (IceCv)
  6 spark wasps
  4 ettins (Depths:1)
  6 merfolk javelineers
  5 entropy weavers
  12 merfolk impalers
  7 hydras
  A rakshasa (Depths:1)
  5 ice dragons (IceCv)
  3 jorogumos
  9 ironbound frosthearts (IceCv)
  4 merfolk aquamancers
  4 catoblepae
  5 ogre magi
  4 merfolk avatars (Shoals:4)
  4 satyrs (Shoals:4)
  The ghost of NinjaNoafa the Cleaver, a novice MiFi of Jiyva (D:8)
  5 centaur warriors
  A death knight (D:13)
  2 deep troll shamans
  2 boulder beetles
  5 two-headed ogres
  3 death yaks (Lair:5)
  2 deep troll earth magi (Depths:1)
  6 orc high priests (Orc:2)
  A soul eater (Depths:1)
  6 hell knights
  4 skeletal warriors
  6 pharaoh ants
  2 iron trolls (Depths:1)
  4 sun moths
  4 fire crabs
  10 steelbarb worms
  15 sea snakes
  9 orb spiders
  5 deep trolls (Depths:1)
  An orange crystal statue (IceCv)
  3 deep elf pyromancers
  2 lindwurms
  18 harpies
  23 wolf spiders
  2 necromancers (Depths:1)
  A salamander (D:15)
  10 orc knights
  3 orc sorcerers (Orc:1)
  22 ugly things
  3 slime creatures
  17 fauns
  7 cyclopes
  15 manticores
  3 moths of wrath
  6 black mambas
  9 merfolk sirens
  A rust devil (Depths:1)
  12 elephants
  5 torpor snails
  2 water nymphs (Shoals:1)
  10 cane toads
  The ghost of Lobster4 the Shield-Bearer, a novice HuFi of the Shining One (D:5)
  2 unseen horrors
  3 centaur skeletons (D:14)
  10 rime drakes
  5 yaktaurs
  4 demonic crawlers
  2 efreet
  4 komodo dragons
  6 trolls
  6 meliai
  12 polar bears
  40 merfolk
  7 wind drakes
  18 tarantellas
  10 snapping turtles
  23 blink frogs
  5 hornets
  6 dream sheep
  28 jumping spiders
  A spriggan (Lair:1)
  18 water elementals
  A shadow (D:11)
  18 culicivoras
  4 wraiths
  35 yaks
  3 wyverns
  2 fire bats (Shoals:4)
  A basilisk (shapeshifter) (D:10)
  A basilisk (Lair:1)
  10 vampire mosquitoes
  68 redbacks
  3 steam dragons
  3 wargs (Orc:2)
  Duvessa (D:6)
  3 acid dragons
  11 water moccasins
  A floating eye (Orc:1)
  3 black bears
  9 ogres
  43 orc warriors
  A sky beast (D:7)
  4 ice beasts
  22 wolves
  15 centaurs
  2 phantoms
  3 kobold brigands
  3 necrophages
  3 scorpions
  13 bullfrogs
  A water moccasin zombie (D:5)
  Dowan (D:6)
  3 wights (D:7)
  6 killer bees (D:10)
  3 howler monkeys
  31 orc priests
  2 hounds (D:5)
  7 jellies
  A bullfrog skeleton (D:5)
  A gnoll bouda (D:7)
  2 iguanas (D:6)
  17 orc wizards
  6 hell rats
  A boggart skeleton (D:14)
  A howler monkey zombie (D:5)
  10 gnolls
  4 river rats
  7 adders
  3 worms
  7 dart slugs
  107 orcs
  7 ball pythons
  5 bats
  10 endoplasms
  4 giant cockroaches
  6 goblins
  10 hobgoblins
  2 jackals (D:1)
  21 kobolds
  6 quokkas
  A training dummy (Shoals:1)
  2 frilled lizards (D:1)
  12 rats
  A bush (Lair:5)
  A plant (Shoals:4)
  2 tentacles (Shoals:1)
1198 creatures vanquished.

Vanquished Creatures (collateral kills)
  A hydra (Lair:5)
  A cane toad (Lair:5)
  A rime drake (Lair:3)
  A komodo dragon (Lair:3)
  4 blink frogs
  A hornet (D:8)
  2 dream sheep (Lair:5)
  An orc (D:8)
12 creatures vanquished.

Vanquished Creatures (others)
  A fire dragon (D:15)
  A merfolk impaler (Shoals:1)
  A merfolk aquamancer (Shoals:1)
  A harpy (Shoals:4)
  A manticore (Shoals:3)
  A merfolk (Shoals:1)
  A shadow (D:11)
  A wyvern (D:8)
  2 redbacks
  An orc (D:8)
  24 fungi
  95 plants
  6 tentacles (Shoals:1)
  4 toadstools (D:5)
  4 withered plants
144 creatures vanquished.

Grand Total: 1354 creatures vanquished

Notes
Turn   | Place    | Note
-------+----------+-------------------------------------------
     0 | D:1      | gabagool the Gnoll Warper began the quest for the Orb.
     0 | D:1      | Reached XP level 1. HP: 20/20 MP: 6/6
   114 | D:1      | Reached XP level 2. HP: 26/26 MP: 7/7
   611 | D:1      | Reached skill level 5 in Spellcasting
   611 | D:1      | Reached XP level 3. HP: 30/31 MP: 7/9
   926 | D:1      | Reached skill level 1 in Invocations
  1173 | D:2      | Reached skill level 1 in Short Blades
  1173 | D:2      | Reached skill level 1 in Long Blades
  1173 | D:2      | Reached skill level 1 in Axes
  1173 | D:2      | Reached skill level 1 in Maces & Flails
  1173 | D:2      | Reached skill level 1 in Staves
  1173 | D:2      | Reached skill level 1 in Ranged Weapons
  1173 | D:2      | Reached skill level 1 in Stealth
  1173 | D:2      | Reached skill level 1 in Shields
  1173 | D:2      | Reached skill level 1 in Unarmed Combat
  1173 | D:2      | Reached skill level 1 in Evocations
  1251 | D:2      | Reached XP level 4. HP: 38/38 MP: 11/11
  1454 | D:2      | Reached skill level 1 in Conjurations
  1454 | D:2      | Reached skill level 1 in Hexes
  1454 | D:2      | Reached skill level 1 in Summonings
  1454 | D:2      | Reached skill level 1 in Necromancy
  1454 | D:2      | Reached skill level 1 in Transmutations
  1454 | D:2      | Reached skill level 1 in Fire Magic
  1454 | D:2      | Reached skill level 1 in Ice Magic
  1454 | D:2      | Reached skill level 1 in Air Magic
  1454 | D:2      | Reached skill level 1 in Earth Magic
  1454 | D:2      | Reached skill level 1 in Poison Magic
  1875 | D:3      | Reached XP level 5. HP: 43/43 MP: 12/12
  1884 | D:3      | Found a glowing drain.
  1893 | Sewer    | Entered a sewer
  2239 | D:3      | Found a faded altar of an unknown god.
  2373 | D:3      | Prayed at the altar of an unknown god.
  2373 | D:3      | Became a worshipper of Qazlal Stormbringer
  2373 | D:3      | Reached * piety under Qazlal
  2529 | D:4      | Reached skill level 5 in Fighting
  2529 | D:4      | Reached skill level 5 in Polearms
  2529 | D:4      | Reached skill level 5 in Dodging
  2529 | D:4      | Reached skill level 2 in Invocations
  2529 | D:4      | Reached XP level 6. HP: 46/51 MP: 14/14
  2812 | D:4      | Reached XP level 7. HP: 47/56 MP: 15/15
  3015 | D:4      | Found a shimmering altar of Xom.
  3078 | D:4      | Found a shimmering blue altar of Sif Muna.
  3169 | D:5      | Entered Level 5 of the Dungeon
  3250 | D:5      | Reached skill level 3 in Invocations
  3313 | D:5      | Reached ** piety under Qazlal
  3336 | D:5      | Found a staircase to the Ecumenical Temple.
  3361 | D:5      | Reached XP level 8. HP: 27/63 MP: 16/16
  3495 | D:5      | Noticed a slime creature
  3575 | D:5      | Found a runed translucent gate.
  3575 | D:5      | Found a runed translucent gate.
  3575 | D:5      | Found a runed translucent gate.
  3675 | D:5      | Found an opulent altar of Gozag.
  3706 | D:5      | Noticed Lobster4's ghost (novice HuFi)
  3942 | D:5      | HP: 3/64 [slime creature (13)]
  4081 | D:6      | Noticed Duvessa
  4082 | D:6      | Noticed Dowan
  4103 | D:6      | Killed Duvessa
  4104 | D:6      | Reached skill level 4 in Invocations
  4108 | D:6      | Killed Dowan
  4180 | D:6      | Reached XP level 9. HP: 36/69 MP: 18/18
  4405 | D:6      | Found a snail-covered altar of Cheibriados.
  4517 | D:6      | Reached skill level 5 in Throwing
  4517 | D:6      | Reached skill level 5 in Armour
  4772 | D:6      | Learned a level 1 spell: Apportation
  4775 | D:6      | Learned a level 2 spell: Blink
  5018 | D:7      | Reached *** piety under Qazlal
  5219 | D:7      | Reached skill level 5 in Invocations
  6170 | D:8      | Reached skill level 5 in Short Blades
  6170 | D:8      | Reached skill level 5 in Long Blades
  6170 | D:8      | Reached skill level 5 in Axes
  6170 | D:8      | Reached skill level 5 in Maces & Flails
  6170 | D:8      | Reached skill level 5 in Staves
  6170 | D:8      | Reached skill level 5 in Ranged Weapons
  6170 | D:8      | Reached skill level 5 in Stealth
  6170 | D:8      | Reached skill level 5 in Shields
  6170 | D:8      | Reached skill level 5 in Unarmed Combat
  6170 | D:8      | Reached skill level 5 in Evocations
  6186 | D:8      | Reached XP level 10. HP: 26/77 MP: 20/20
  6323 | D:8      | Paralysed by a hornet for 2 turns
  6630 | D:8      | Found a transporter.
  6630 | D:8      | Noticed NinjaNoafa's ghost (novice MiFi)
  6639 | D:8      | Found the ring of the Mage {Wiz Archmagi}
  6655 | D:8      | Found a transporter.
  6692 | D:8      | Noticed a catoblepas
  6693 | D:8      | Noticed a moth of wrath
  6763 | D:8      | Reached skill level 6 in Invocations
  6871 | D:8      | Found Qeiz's General Store.
  7229 | D:5      | Killed Lobster4's ghost
  7354 | D:5      | HP: 1/79 [large slime creature (24)]
  7573 | D:9      | Noticed a fire crab
  7574 | D:9      | Found a staircase to the Lair.
  7591 | D:9      | Killed a fire crab
  7592 | D:9      | Reached skill level 5 in Conjurations
  7592 | D:9      | Reached skill level 5 in Hexes
  7592 | D:9      | Reached skill level 5 in Summonings
  7592 | D:9      | Reached skill level 5 in Necromancy
  7592 | D:9      | Reached skill level 5 in Transmutations
  7592 | D:9      | Reached skill level 5 in Fire Magic
  7592 | D:9      | Reached skill level 5 in Ice Magic
  7592 | D:9      | Reached skill level 5 in Air Magic
  7592 | D:9      | Reached skill level 5 in Earth Magic
  7592 | D:9      | Reached skill level 5 in Poison Magic
  7671 | D:9      | Reached XP level 11. HP: 72/85 MP: 22/22
  7684 | D:9      | Found a staircase to the Orcish Mines.
  7946 | D:9      | Noticed a two-headed ogre
  7955 | D:9      | Killed a two-headed ogre
  8429 | D:10     | Entered Level 10 of the Dungeon
  8564 | D:10     | Reached skill level 7 in Invocations
  8953 | D:10     | Noticed a two-headed ogre
  8965 | D:10     | Killed a two-headed ogre
  9271 | D:10     | Noticed a two-headed ogre
  9275 | D:10     | a two-headed ogre changed into a faun
  9275 | D:10     | Noticed a faun
  9288 | D:10     | Killed a faun
  9479 | Lair:1   | Entered Level 1 of the Lair of Beasts
  9710 | Lair:1   | Noticed a four-headed hydra
  9723 | Lair:1   | Killed a four-headed hydra
  9764 | Lair:1   | Reached **** piety under Qazlal
  9807 | Lair:1   | Reached XP level 12. HP: 71/94 MP: 24/24
  9847 | Lair:1   | Reached skill level 8 in Invocations
 10686 | Lair:2   | Noticed a six-headed hydra
 10700 | Lair:2   | Killed a six-headed hydra
 10728 | Lair:2   | Noticed a five-headed hydra
 10743 | Lair:2   | Killed a five-headed hydra
 10912 | Lair:2   | Noticed a seven-headed hydra
 10933 | Lair:2   | Killed a seven-headed hydra
 10989 | Lair:2   | Found a staircase to the Shoals.
 11374 | Lair:2   | You fall into a shaft and drop 1 floor!
 11504 | Lair:3   | Noticed a catoblepas
 11517 | Lair:3   | Killed a catoblepas
 11556 | Lair:3   | Reached XP level 13. HP: 93/101 MP: 26/26
 11565 | Lair:3   | Reached skill level 9 in Invocations
 11709 | Lair:2   | Found a hole to the Spider Nest.
 11832 | Lair:2   | Learned a level 5 spell: Irradiate
 11836 | Lair:2   | Learned a level 3 spell: Ozocubu's Armour
 11840 | Lair:2   | Learned a level 3 spell: Vhi's Electric Charge
 11845 | Lair:2   | Learned a level 4 spell: Manifold Assault
 11850 | Lair:2   | Learned a level 4 spell: Passage of Golubria
 12442 | Lair:4   | Found a runed translucent gate.
 12443 | Lair:4   | Found a runed translucent gate.
 12444 | Lair:4   | Found a runed translucent gate.
 12444 | Lair:4   | Noticed Zun Lasmi's ghost (journeyman VSTm)
 12446 | Lair:4   | Noticed Hihis's ghost (journeyman MfBe)
 12446 | Lair:4   | Noticed Beilucy's ghost (journeyman FoFi)
 12446 | Lair:4   | Noticed Riheudah's ghost (journeyman TrDe)
 12680 | Lair:4   | Reached skill level 10 in Spellcasting
 13162 | Lair:4   | Found a viscous altar of Jiyva.
 13163 | Lair:4   | Found a staircase to the Slime Pits.
 13522 | Lair:5   | Entered Level 5 of the Lair of Beasts
 13591 | Lair:5   | Reached skill level 10 in Fighting
 13591 | Lair:5   | Reached skill level 10 in Polearms
 13591 | Lair:5   | Reached skill level 10 in Dodging
 14188 | Lair:5   | Found a transporter.
 14190 | Lair:5   | Found a transporter.
 14191 | Lair:5   | Noticed Ileyzxie's ghost (journeyman GnHu)
 14225 | Lair:4   | Reached XP level 14. HP: 84/110 MP: 28/28
 14226 | Lair:4   | Reached skill level 10 in Invocations
 14232 | Lair:4   | Reached ***** piety under Qazlal
 16242 | Orc:1    | Entered Level 1 of the Orcish Mines
 16304 | D:8      | Killed NinjaNoafa's ghost
 16342 | D:8      | Learned a level 4 spell: Sticky Flame
 16513 | D:11     | Reached skill level 10 in Throwing
 16513 | D:11     | Reached skill level 10 in Armour
 17247 | D:12     | Learned a level 4 spell: Olgreb's Toxic Radiance
 17824 | Orc:1    | Paralysed by an orc sorcerer for 2 turns
 17830 | Orc:1    | Paralysed by an orc sorcerer for 4 turns
 17914 | Orc:1    | Paralysed by an ogre mage for 2 turns
 17915 | Orc:1    | Reached skill level 10 in Translocations
 18277 | Orc:2    | Entered Level 2 of the Orcish Mines
 18292 | Orc:2    | Reached ****** piety under Qazlal
 18371 | Orc:2    | Found a staircase to the Elven Halls.
 18377 | Orc:2    | Reached skill level 10 in Short Blades
 18377 | Orc:2    | Reached skill level 10 in Long Blades
 18377 | Orc:2    | Reached skill level 10 in Axes
 18377 | Orc:2    | Reached skill level 10 in Maces & Flails
 18377 | Orc:2    | Reached skill level 10 in Staves
 18377 | Orc:2    | Reached skill level 10 in Ranged Weapons
 18377 | Orc:2    | Reached skill level 10 in Stealth
 18377 | Orc:2    | Reached skill level 10 in Shields
 18377 | Orc:2    | Reached skill level 10 in Unarmed Combat
 18377 | Orc:2    | Reached skill level 10 in Evocations
 18676 | Orc:2    | Reached XP level 15. HP: 58/118 MP: 12/30
 18682 | Orc:1    | Reached skill level 11 in Invocations
 18967 | Orc:2    | Found Vifouvis's Jewellery Shop.
 19424 | Orc:2    | Found Naowen's Armour Shop.
 19427 | Orc:2    | Found Makusese's Book Boutique.
 19428 | Orc:2    | Found Wimuitz's Book Shop.
 19429 | Orc:2    | Found Jagg's Weapon Shop.
 19436 | Orc:2    | Bought the +3 hat of Pondering {ponderous, Will+ MP+10
                  | Int+5} for 533 gold pieces
 19436 | Orc:2    | Found the +3 hat of Pondering {ponderous, Will+ MP+10
                  | Int+5}
 19757 | Orc:2    | Bought a book of Sloth for 540 gold pieces
 19764 | Orc:2    | Learned a level 6 spell: Statue Form
 20382 | D:13     | Found Soyqophi's Assorted Antiques.
 20436 | D:13     | Found a transporter.
 20583 | D:13     | Found a transporter.
 20607 | D:13     | Found a transporter.
 20615 | D:13     | Found a transporter.
 20615 | D:13     | Noticed Sonja
 21178 | D:14     | Found a gate to the Vaults.
 22186 | D:15     | Entered Level 15 of the Dungeon
 22193 | D:15     | Noticed Louise
 22206 | D:15     | Killed Louise
 22479 | D:14     | Reached XP level 16. HP: 118/127 MP: 28/32
 22542 | D:15     | Found a staircase to the Depths.
 22644 | D:15     | Found an opulent altar of Gozag.
 23114 | Spider:1 | Entered Level 1 of the Spider Nest
 23126 | Spider:1 | Reached skill level 12 in Invocations
 23905 | Spider:2 | Noticed Asterion
 23907 | Spider:2 | Noticed Jorgrun
 23908 | Spider:2 | Noticed an Executioner
 24090 | Spider:2 | Killed Jorgrun
 24385 | Spider:2 | Killed Asterion
 25413 | Spider:3 | Reached XP level 17. HP: 135/135 MP: 33/33
 25655 | Spider:3 | Reached skill level 10 in Conjurations
 25655 | Spider:3 | Reached skill level 10 in Hexes
 25655 | Spider:3 | Reached skill level 10 in Summonings
 25655 | Spider:3 | Reached skill level 10 in Necromancy
 25655 | Spider:3 | Reached skill level 10 in Transmutations
 25655 | Spider:3 | Reached skill level 10 in Fire Magic
 25655 | Spider:3 | Reached skill level 10 in Ice Magic
 25655 | Spider:3 | Reached skill level 10 in Air Magic
 25655 | Spider:3 | Reached skill level 10 in Earth Magic
 25655 | Spider:3 | Reached skill level 10 in Poison Magic
 26870 | Spider:4 | Entered Level 4 of the Spider Nest
 26895 | Spider:4 | Reached skill level 13 in Invocations
 27451 | Spider:4 | Identified the +1 ring mail "Ceivogro" {rN+ Str+3}
 27760 | Spider:4 | Got a gossamer rune of Zot
 28150 | Shoals:1 | Entered Level 1 of the Shoals
 28157 | Shoals:1 | Noticed Mlioglotl
 28166 | Shoals:1 | Killed Mlioglotl
 28223 | Shoals:1 | Noticed a kraken
 28232 | Shoals:1 | Killed a kraken
 28369 | Shoals:1 | Found Pucoes's Firing Range.
 28560 | Shoals:1 | Found Ympemp's Magic Scroll Shop.
 28569 | Shoals:1 | Bought a scroll of acquirement for 780 gold pieces
 28569 | Shoals:1 | Acquired a +1 helmet of see invisible
 28707 | Shoals:1 | Found a runed translucent gate.
 28708 | Shoals:1 | Found a runed translucent gate.
 28709 | Shoals:1 | Found a runed translucent gate.
 28709 | Shoals:1 | Identified the +7 arbalest of Strategic Superiority
                  | {vorpal, Str+3}
 28709 | Shoals:1 | Identified the amulet "Otypin" {RegenMP Str+8 Dex+3}
 28709 | Shoals:1 | Noticed HilariousDeathArtist's ghost (adept DrCK)
 29081 | Shoals:2 | Reached XP level 18. HP: 143/143 MP: 35/35
 29170 | Shoals:1 | Upgraded the game from 0.30-a0-365-ge7f957f1db to
                  | 0.30-a0-371-gad7725a93e
 29205 | Shoals:1 | Identified the -2 pair of boots of Fanaticism {rElec Str+3}
 29216 | Shoals:1 | Killed HilariousDeathArtist's ghost
 29293 | Shoals:2 | Noticed Ilsuiw
 29303 | Shoals:2 | Killed Ilsuiw
 29325 | Shoals:2 | Noticed Aizul
 29340 | Shoals:2 | Killed Aizul
 29519 | Shoals:2 | Reached XP level 19. HP: 150/150 MP: 36/36
 29698 | Shoals:2 | Reached skill level 14 in Invocations
 30011 | Shoals:2 | Found a runed translucent gate.
 30012 | Shoals:2 | Found a runed translucent gate.
 30016 | Shoals:2 | Found a runed translucent gate.
 30017 | Shoals:2 | Noticed Mil Mal Serr's ghost (adept MiFi)
 30018 | Shoals:2 | Noticed Zuxu Cyl's ghost (adept GrEE)
 30018 | Shoals:2 | Noticed Cihivoiw's ghost (adept TeCj)
 30018 | Shoals:2 | Noticed Zugaegat's ghost (journeyman DEDe)
 30031 | Shoals:2 | Killed Cihivoiw's ghost
 30032 | Shoals:2 | Killed Zuxu Cyl's ghost
 30040 | Shoals:2 | Killed Zugaegat's ghost
 30049 | Shoals:2 | Killed Mil Mal Serr's ghost
 30061 | Shoals:2 | Identified the +0 helmet "Afeej" {Drain rElec rPois rC-}
 30067 | Shoals:2 | Identified the +9 quarterstaff "Ekhli Ema" {freeze, Contam
                  | rElec Int+4 Dex+3}
 30187 | Shoals:2 | HP: 6/196 [titan/bolt of lightning (10)]
 30583 | Shoals:3 | Found a frozen archway.
 30594 | IceCv    | Entered an ice cave
 31288 | IceCv    | Learned a level 7 spell: Dragon Form
 31816 | Shoals:3 | Found a runed translucent door.
 32364 | Shoals:4 | Entered Level 4 of the Shoals
 32381 | Shoals:4 | Reached XP level 20. HP: 159/159 MP: 26/38
 32569 | Shoals:3 | Learned a level 3 spell: Ignite Poison
 32611 | Shoals:4 | Got a barnacled rune of Zot
 32666 | Shoals:4 | Got Sif Muna's Vellum of Displacement
 32962 | Shoals:4 | Identified the +4 scale mail of Jijozeut {rF+}
 33569 | Shoals:1 | Learned a level 7 spell: Storm Form
 34001 | Depths:1 | Entered Level 1 of the Depths
 34001 | Depths:1 | Found a gateway to Hell.
 34221 | Depths:1 | Reached skill level 15 in Invocations
 34229 | D:15     | HP: 1/160 [fire giant/fireball (25)]
 35118 | Depths:1 | Found a glowing silver altar of Zin.
 35260 | Depths:1 | Found a one-way gate leading to the halls of Pandemonium.
 35265 | Depths:1 | HP: 4/160 [balrug/divine providence (16)]
 35267 | Depths:1 | Mangled by a balrug

Illustrated notes

Levels and vault maps discovered:
D:1:      dpeg_arrival_orchard, layout_basic
D:2:      layout_loops_ring, minmay_misc_feat_iff
D:3:      layout_rooms, shapermc_ecumenical_altar_starsandcircs,
          gup_sewer_entry_spiral
D:4:      layout_cave_pools, marbit_many_paths, tgw_xom
D:5:      cheibrodos_fertilizer, layout_rooms, kennysheep_mini,
          minmay_temple_entry_enclosed_plants, gammafunk_ghost_necromancy,
          bh_walls_and_bars
D:6:      layout_gridville, slow_altar_1, uniq_duvessa
D:7:      layout_basic
D:8:      layout_basic, gammafunk_ghost_berserking_beasts, serial_shops,
          kennysheep_little_box
D:9:      layout_long_grid, minmay_lair_entry_lava, orc_0_dummy
D:10:     layout_loops_ring, nicolae_figureground_sparkle
D:11:     layout_basic
D:12:     layout_rooms
D:13:     minmay_ornate_pinched, layout_loops_ring, special_room
          [special_room_orc], serial_shops, nicolae_shop_hallway_plus,
          nicolae_concentric_dashed_squares_wild, nicolae_diode_intersection,
          uniq_sonja
D:14:     layout_stronghold, hangedman_vaults_entry_quadrant_bands,
          nicolae_kite_square_tiling_tiny
D:15:     hangedman_depths_entry_try_elsewhere_first, layout_small_grid,
          nicolae_gozag_cash_rules_everything_around_me, uniq_louise
Lair:1:   layout_cave_shapes, wad_woods_03, grunt_megastairs_3
Lair:2:   layout_regular_city, minmay_shoals_entry_centaurs,
          hellmonk_spider_entry_life_and_decay, lemuel_fruit_tree
Lair:3:   layout_chaotic_city
Lair:4:   layout_regular_city, slime_entry_1, gammafunk_ghost_cemetery,
          serial_bayou_shore_b, grunt_megastairs_1
Lair:5:   grunt_lair_end_beastmaster, layout_regular_city, gammafunk_ghost_hive
Shoals:1: layout_shoals, serial_shops, nicolae_shop_competitors_out_of_business,
          gammafunk_ghost_tricky_traps, nicolae_shop_firing_range,
          uniq_mlioglotl
Shoals:2: cheibrodos_shoals_gigantism, layout_shoals, gammafunk_ghost_cemetery,
          uniq_ilsuiw, uniq_aizul
Shoals:3: layout_shoals, portal_ice_cave_entry_pillars_three,
          nicolae_shoals_lost_giant_hut, lightli_airlock
Shoals:4: shoals_end_grunt_garden, layout_shoals, hangedman_shoal_volcano
Spider:1: layout_spider_delve
Spider:2: layout_chambers, uniq_jorgrun, uniq_asterion
Spider:3: layout_chambers
Spider:4: grunt_spider_rune_circles, drop_trap, nicolae_orb_stairs
Orc:1:    hellmonk_paralyzer, layout_caves, lightli_orcish_oven
Orc:2:    st_orc_pillars, layout_caves, serial_shops, shop
Depths:1: layout_cave_pools, rand_demon_pan_entry_3, hell_entry, zin_academy

Skill      XL: |  1  2  3  4  5  6  7  8  9 10 11 12 13 14 15 16 17 18 19 20 |
---------------+-------------------------------------------------------------+-----
Spellcasting   | 5 6 7 8 9 10 11 12 13 14 | 14.8
Invocations    | 1 2 3 4 5 6 7 8 9 10 11 12 13 14 15 | 15.2
Short Blades   | 1 2 3 5 6 7 8 9 10 11 12 13 14 | 14.0
Long Blades    | 1 2 3 5 6 7 8 9 10 11 12 13 14 | 14.0
Axes           | 1 2 3 5 6 7 8 9 10 11 12 13 14 | 14.0
Maces & Flails | 1 2 3 5 6 7 8 9 10 11 12 13 14 | 14.0
Staves         | 1 2 3 5 6 7 8 9 10 11 12 13 14 | 14.0
Ranged Weapons | 1 2 3 5 6 7 8 9 10 11 12 13 14 | 14.0
Stealth        | 1 2 3 5 6 7 8 9 10 11 12 13 14 | 14.0
Shields        | 1 2 3 5 6 7 8 9 10 11 12 13 14 | 14.4
Unarmed Combat | 1 2 3 5 6 7 8 9 10 11 12 13 14 | 14.0
Evocations     | 1 2 3 5 6 7 8 9 10 11 12 13 14 | 14.0
Conjurations   | 1 2 3 4 5 6 7 8 9 10 11 | 11.9
Hexes          | 1 2 3 4 5 6 7 8 9 10 11 | 11.9
Summonings     | 1 2 3 4 5 6 7 8 9 10 11 | 11.9
Necromancy     | 1 2 3 4 5 6 7 8 9 10 11 | 11.9
Transmutations | 1 2 3 4 5 6 7 8 9 10 11 | 11.9
Fire Magic     | 1 2 3 4 5 6 7 8 9 10 11 | 11.9
Ice Magic      | 1 2 3 4 5 6 7 8 9 10 11 | 11.9
Air Magic      | 1 2 3 4 5 6 7 8 9 10 11 | 11.9
Earth Magic    | 1 2 3 4 5 6 7 8 9 10 11 | 11.9
Poison Magic   | 1 2 3 4 5 6 7 8 9 10 11 | 11.9
Throwing       | 3 4 5 6 7 8 9 10 11 12 13 14 | 14.2
Armour         | 3 4 5 6 7 8 9 10 11 12 13 14 | 14.2
Fighting       | 5 6 7 8 9 10 11 12 13 14 | 14.7
Polearms       | 5 6 7 8 9 10 11 12 13 14 | 14.7
Dodging        | 5 6 7 8 9 10 11 12 13 14 | 14.7
Translocations | 6 7 8 9 10 11 12 13 | 13.0

Action                   |  1- 3 |  4- 6 |  7- 9 | 10-12 | 13-15 | 16-18 | 19-21 || total
-------------------------+-------+-------+-------+-------+-------+-------+-------++-------
Melee: Spear             |    39 |       |       |       |       |       |       ||    39
       Bite              |     7 |    23 |    60 |   111 |   239 |    90 |    65 ||   595
       Punch             |     2 |     4 |    14 |    17 |       |       |    14 ||    51
       Dagger            |    80 |   206 |   292 |    91 |       |       |       ||   669
       Trident           |       |       |   190 |   763 |  1212 |       |       ||  2165
       Great sword       |       |       |       |    17 |       |       |       ||    17
       Unarmed           |       |       |       |       |   270 |   547 |   437 ||  1254
       Tailslap          |       |       |       |       |       |       |     6 ||     6
Throw: Boomerang         |     1 |       |       |     3 |       |       |       ||     4
       Javelin           |       |       |       |    23 |    16 |     6 |       ||    45
 Cast: Ozocubu's Armour  |       |       |       |       |     2 |       |       ||     2
       Olgreb's Toxic Ra |       |       |       |       |    43 |    52 |    43 ||   138
       Irradiate         |       |       |       |       |    16 |    36 |    29 ||    81
       Sticky Flame      |       |       |       |       |     2 |       |       ||     2
       Manifold Assault  |       |       |       |       |     1 |     6 |     3 ||    10
       Statue Form       |       |       |       |       |    12 |    40 |    26 ||    78
       Vhi's Electric Ch |       |       |       |       |       |     1 |       ||     1
       Dragon Form       |       |       |       |       |       |       |     3 ||     3
       Ignite Poison     |       |       |       |       |       |       |    12 ||    12
       Storm Form        |       |       |       |       |       |       |     7 ||     7
Invok: Upheaval          |       |       |     3 |     8 |     7 |     3 |     3 ||    24
       Elemental Force   |       |       |       |     1 |     2 |       |       ||     3
 Abil: Breathe Fire      |       |       |       |       |       |       |     4 ||     4
       Blinkbolt         |       |       |       |       |       |       |     2 ||     2
Evoke: Wand              |       |       |       |     5 |     1 |     3 |     7 ||    16
       Condenser vane    |       |       |       |       |     2 |       |     1 ||     3
       Box of beasts     |       |       |       |       |     1 |       |       ||     1
  Use: Scroll            |       |     4 |     5 |     5 |    15 |     6 |     3 ||    38
       Potion            |       |       |     3 |     2 |     4 |     1 |     9 ||    19
 Stab: Sleeping          |     1 |     4 |       |       |       |       |       ||     5
       Invisible         |       |       |       |       |       |     1 |       ||     1
Armor: Leather armour    |    29 |    23 |       |       |    29 |       |       ||    81
       Plate armour      |       |    37 |   203 |   343 |   231 |       |       ||   814
       Robe              |       |       |       |       |    25 |    40 |    22 ||    87
       Skin              |       |       |       |       |   102 |   347 |   208 ||   657
Dodge: Dodged            |    64 |   125 |   172 |   366 |   542 |   507 |   443 ||  2219
       Repelled          |       |       |       |       |    10 |     7 |    17 ||    34
Block: Other             |       |     5 |    35 |    77 |       |       |    44 ||   161
       Buckler           |       |       |       |   215 |   921 |   777 |   518 ||  2431

Table legend: (Time is in decaauts)
 A = Elapsed time spent in this place.
 B = Non-inter-level travel time spent in this place.
 C = Inter-level travel time spent in this place.
 D = Time resting spent in this place.
 E = Time spent auto-exploring this place.
 F = Levels seen in this place.
 G = Mean time per level.
                   A        B        C        D        E       F      G
               +--------+--------+--------+--------+--------+-----+--------+
         Total |  37816 |  34882 |   2934 |   3290 |  21699 |  33 | 1145.9 |
       Dungeon |  16012 |  14370 |   1642 |   1246 |   9634 |  15 | 1067.5 |
          Lair |   6471 |   5898 |    573 |    623 |   3605 |   5 | 1294.2 |
        Shoals |   5698 |   5411 |    287 |    288 |   3191 |   4 | 1424.5 |
   Spider Nest |   5986 |   5693 |    293 |    517 |   4037 |   4 | 1496.5 |
  Orcish Mines |   2060 |   1923 |    137 |    413 |    928 |   2 | 1030.0 |
        Depths |    439 |    439 |      0 |      9 |    136 |   1 |  439.0 |
         Sewer |    131 |    131 |      0 |      0 |     77 |   1 |  131.0 |
      Ice Cave |   1016 |   1016 |      0 |    192 |     88 |   1 | 1016.0 |
               +--------+--------+--------+--------+--------+-----+--------+

Top non-repeatable levels by time:
Spider:3: 2181 daAuts
    D:14: 1992 daAuts
  Lair:5: 1984 daAuts
Shoals:2: 1711 daAuts
Spider:2: 1491 daAuts
Shoals:1: 1461 daAuts
  Lair:4: 1399 daAuts
Shoals:3: 1321 daAuts
  Lair:2: 1298 daAuts
    D:15: 1266 daAuts
     D:9: 1263 daAuts
    D:10: 1262 daAuts
   Orc:2: 1252 daAuts
     D:7: 1248 daAuts
    D:13: 1224 daAuts
